 Dungeon Crawl Stone Soup version 0.22-a0-476-gbd6c659 (webtiles) character file.

18925 TheOrbIsALie the Thaumaturge (level 12, -10/81 HPs)
             Began as an Oni Air Elementalist on July 30, 2018.
             Was an Elder of Igni Ipthes.
             Mangled by an eight-headed hydra (13 damage)
             ... on level 4 of the Lair of Beasts.
             The game lasted 00:36:52 (12590 turns).

TheOrbIsALie the Thaumaturge (OnAE)                Turns: 12590, Time: 00:36:53

Health: -10/81     AC: 10    Str: 11    XL:     12   Next: 63%
Magic:  2/32       EV: 10    Int: 21    God:    Igni Ipthes [****..]
Gold:   424        SH:  0    Dex: 12    Spells: 29/39 levels left

rFire    . . .     SeeInvis +   E - +9 dire flail (protect)
rCold    . . .     Gourm    .   (shield currently unavailable)
rNeg     . . .     Faith    .   o - +3 ring mail {rPois}
rPois    +         Spirit   .   (helmet restricted)
rElec    .         Reflect  .   L - +0 cloak {MR+}
rCorr    .         Harm     .   (no gloves)
MR       +....                  (no boots)
Stlth    +.........             r - amulet of regeneration
HPRegen  0.63/turn              y - ring of see invisible
MPRegen  0.23/turn              T - +1 ring of protection

@: no status effects
A: oni magic, claws 1, fangs 1, horns 1
a: Scrap, Fire Fortress, Brand Weapon, Dedicate Armour, Renounce Religion


You were on level 4 of the Lair of Beasts.
You worshipped Igni Ipthes.
Igni Ipthes was greatly pleased with you.
You were not hungry.

You visited 3 branches of the dungeon, and saw 15 of its levels.
You also visited: Ossuary.

You collected 622 gold pieces.
You spent 198 gold pieces at shops.

Inventory:

Hand Weapons
 E - a +9 dire flail of protection (weapon)
 M - a +1 vampiric lajatang
Armour
 a - a +0 animal skin
 o - a +3 ring mail of poison resistance (worn)
 F - a +3 chain mail of poison resistance
 L - a +0 cloak of magic resistance (worn)
 R - a +3 scale mail
 S - the +3 cloak "Soppuadi" {rCorr, unknown}
   (You found it on level 3 of the Lair of Beasts)

   It protects you from acid and corrosion.
Jewellery
 r - an amulet of regeneration (around neck)
 y - a ring of see invisible (left claw)
 I - an uncursed ring of fire
 T - a +1 ring of protection (right claw)
Wands
 m - a wand of polymorph (10)
 n - a wand of iceblast (19)
 J - a wand of digging (27)
 K - a wand of disintegration (8)
 P - a wand of random effects (17)
 U - a wand of paralysis (9)
Scrolls
 e - 4 scrolls of remove curse
 g - 2 scrolls of blinking {unknown}
 h - 19 scrolls of identify
 l - 2 scrolls of immolation {unknown}
 p - 2 scrolls of fear {unknown}
 s - 2 scrolls of enchant weapon
 u - a scroll of noise {unknown}
 v - 6 scrolls of teleportation
 w - 7 scrolls of enchant armour
 B - 2 scrolls of magic mapping {unknown}
 D - 5 scrolls of amnesia {unknown}
 G - 2 scrolls of fog {unknown}
 N - a scroll of torment {unknown}
 O - a scroll of acquirement {unknown}
Potions
 b - 5 potions of heal wounds
 d - 2 potions of invisibility {unknown}
 f - 2 potions of mutation {unknown}
 i - 3 potions of might
 j - 3 potions of lignification {unknown}
 k - 2 potions of agility {unknown}
 q - 2 potions of flight {unknown}
 t - 5 potions of haste {unknown}
 x - 2 potions of degeneration {unknown}
 z - 6 potions of curing
 A - 2 potions of resistance {unknown}
 C - a potion of brilliance {unknown}
 H - a potion of cancellation {unknown}
 Q - 2 potions of magic {unknown}
Comestibles
 c - 18 rations


   Skills:
 - Level 1.7 Dodging
 - Level 1.5 Stealth
 + Level 14.0 Spellcasting


You had 29 spell levels left.
You knew the following spells:

 Your Spells              Type           Power        Failure   Level  Hunger
a - Shock                 Conj/Air       ####         1%          1    None
b - Airstrike             Air            ######....   1%          4    None
c - Lightning Bolt        Conj/Air       ######....   1%          5    ###....

Your spell library contained the following spells:

 Spells                   Type           Power        Failure   Level  Hunger
 Slow                     Hex            ######..     1%          2    None
 Animate Skeleton         Necr           N/A          0%          1    None
 Tukima's Dance           Hex            ######..     1%          3    None
 Swiftness                Chrm/Air       ######..     1%          2    None
 Static Discharge         Conj/Air       ######..     1%          3    None
 Petrify                  Tmut/Erth      ######..     1%          4    None
 Passage of Golubria      Tloc           N/A          1%          4    None
 Song of Slaying          Chrm           ######..     1%          2    None


Dungeon Overview and Level Annotations

Branches:
Dungeon (10/15)            Temple (1/1) D:5            Lair (4/6) D:9
  Swamp (0/4) Lair:2        Snake (0/4) Lair:2
    Orc: D:9-12

Altars:
Ashenzari
Cheibriados
Dithmenos
Fedhas
Gozag
Hepliaklqana Igni Ipthes
Makhleb
Nemelex Xobeh
Okawaru
Qazlal
Ru
Sif Muna
Trog
Uskayaw
Xom
Yredelemnul
The Shining One

Shops:
D:4 ?   D:8 (

Annotations:
D:10 TheOrbIsALie's ghost, journeyman OnAE


Innate Abilities, Weirdness & Mutations

You learn spells by gaining experience, not through books or religion.
You only train spellcasting to practice magic.
You have sharp fingernails.
You have very sharp teeth.
You have a pair of small horns on your head.


Message History

The eight-headed hydra closely misses you.
The eight-headed hydra bites you but does no damage.
The eight-headed hydra closely misses you.
The eight-headed hydra bites you but does no damage.
The eight-headed hydra misses you.
The eight-headed hydra bites you but does no damage.
The eight-headed hydra bites you!
* * * LOW HITPOINT WARNING * * *
The eight-headed hydra barely misses you.
Unknown command.
Okay, then.
Unknown command.
Unknown command.
The eight-headed hydra bites you!
* * * LOW HITPOINT WARNING * * *
The eight-headed hydra closely misses you.
The eight-headed hydra misses you.
The eight-headed hydra bites you but does no damage. x2
The eight-headed hydra bites you!
You die...

##....# .)... #.....#
..... ##....##.....
P. ##.......... #.##
###........ ...# #
#####†........ ##..#
#.##.P..........#
#...###
..#.........##....
......##.......D@####
P#P.
....S.$.......#.## #
..D<..r.....#.###
..........# #
..###.$...# ## #....#
..... ...# ###


You could see an eight-headed hydra.

Vanquished Creatures
  A hydra (Lair:3)
  Erica (Lair:1)
  A two-headed ogre (D:8)
  Pikel (D:7)
  4 elephants (Lair:3)
  Maurice (D:8)
  2 black mambas
  7 spiny frogs
  7 komodo dragons
  A rime drake (Lair:3)
  A troll (D:9)
  Prince Ribbit (Lair:2)
  8 blink frogs
  A hippogriff (D:8)
  2 wyverns
  A basilisk (Lair:1)
  8 yaks
  Sigmund (D:6)
  Menkaure (D:7)
  Edmund (D:5)
  4 water moccasins
  9 porcupines
  3 orc warriors
  2 eyes of draining (D:8)
  A sky beast (D:9)
  6 ogres
  2 phantoms
  A centaur (D:2)
  6 crocodiles
  Blork the orc (D:5)
  15 bullfrogs
  2 big kobolds
  A wyvern zombie (D:6)
  2 water moccasin zombies (Ossuary)
  4 scorpions
  4 killer bees (D:4)
  4 electric eels
  2 howler monkeys (D:8)
  3 crimson imps
  2 bullfrog zombies (D:5)
  2 bullfrog skeletons
  2 orc priests
  5 hounds
  A jelly (D:9)
  3 orc wizards
  6 iguanas
  Ijyb (D:3)
  5 worker ants
  2 big kobold zombies (Ossuary)
  3 mummies
  3 gnolls (D:9)
  11 adders
  A shadow imp (D:9)
  2 oozes
  3 adder zombies
  2 adder skeletons
  3 dart slugs
  4 leopard geckos
  19 orcs
  A ball python (D:1)
  6 giant cockroaches
  4 hobgoblins
  11 jackals
  13 kobolds
  6 quokkas
  7 bats
  2 frilled lizards
  2 gnoll zombies (Ossuary)
  6 goblins
  7 hobgoblin zombies (Ossuary)
  9 kobold zombies (Ossuary)
  4 orc zombies (Ossuary)
  5 rats
286 creatures vanquished.

Vanquished Creatures (others)
  A slave (D:7)
  7 fungi
  A plant (Lair:1)
9 creatures vanquished.

Grand Total: 295 creatures vanquished

Notes
Turn   | Place    | Note
-------+----------+-------------------------------------------
     0 | D:1      | TheOrbIsALie the Oni Air Elementalist began the quest for the Orb.
     0 | D:1      | Reached XP level 1. HP: 14/14 MP: 4/4
   131 | D:1      | Reached XP level 2. HP: 20/20 MP: 0/6
   350 | D:1      | Reached skill level 2 in Spellcasting
   571 | D:1      | Reached XP level 3. HP: 19/26 MP: 0/8
   880 | D:2      | Found a stormy altar of Qazlal.
  1001 | D:2      | Reached XP level 4. HP: 18/33 MP: 0/10
  1259 | D:2      | Reached skill level 3 in Spellcasting
  1427 | D:2      | Noticed a centaur
  1441 | D:2      | Killed a centaur
  1441 | D:2      | Reached XP level 5. HP: 9/38 MP: 3/12
  1594 | D:2      | Found an opulent altar of Gozag.
  1673 | D:2      | Found a snail-covered altar of Cheibriados.
  1771 | D:3      | Noticed Ijyb
  1793 | D:3      | Killed Ijyb
  1793 | D:3      | Reached skill level 4 in Spellcasting
  1953 | D:3      | Reached XP level 6. HP: 45/45 MP: 5/14
  2474 | D:4      | Found Onielafo's Magic Scroll Shop.
  2478 | D:4      | Bought a scroll of remove curse for 36 gold pieces
  2478 | D:4      | Bought a scroll of identify for 24 gold pieces
  2478 | D:4      | Bought a scroll of teleportation for 36 gold pieces
  2478 | D:4      | Bought a scroll of enchant armour for 90 gold pieces
  2478 | D:4      | Bought a scroll of random uselessness for 12 gold pieces
  2511 | D:4      | Found a sand-covered staircase.
  2558 | Ossuary  | Entered an ossuary
  2852 | Ossuary  | Reached skill level 5 in Spellcasting
  2852 | Ossuary  | Reached XP level 7. HP: 44/50 MP: 2/16
  3270 | D:4      | Found a hazy altar of Hepliaklqana.
  3274 | D:4      | Found a shimmering altar of Xom.
  3274 | D:4      | Noticed a hell knight
  3275 | D:4      | Noticed a spectral ugly thing
  3275 | D:4      | Noticed a hell knight
  3350 | D:4      | Found a hide-covered altar of Uskayaw.
  3476 | D:4      | Learned a level 4 spell: Airstrike
  3654 | D:4      | Reached skill level 6 in Spellcasting
  3840 | D:4      | Reached XP level 8. HP: 57/57 MP: 6/19
  4024 | D:5      | Entered Level 5 of the Dungeon
  4040 | D:5      | Found a staircase to the Ecumenical Temple.
  4136 | Temple   | Entered the Ecumenical Temple
  4166 | Temple   | Became a worshipper of Igni Ipthes
  4290 | D:5      | Reached skill level 7 in Spellcasting
  4294 | D:5      | Noticed Edmund
  4320 | D:5      | Killed Edmund
  4394 | D:5      | Noticed Blork the orc
  4400 | D:5      | Killed Blork the orc
  5221 | D:6      | Reached * piety under Igni Ipthes
  5242 | D:6      | Reached skill level 8 in Spellcasting
  5242 | D:6      | Reached XP level 9. HP: 60/62 MP: 21/23
  5256 | D:6      | Noticed Sigmund
  5260 | D:6      | Killed Sigmund
  5674 | D:7      | Noticed Menkaure
  5680 | D:7      | Killed Menkaure
  5766 | D:7      | Noticed Pikel
  5780 | D:7      | Killed Pikel
  5780 | D:7      | Reached skill level 9 in Spellcasting
  5985 | D:7      | Found a basalt altar of Yredelemnul.
  6294 | D:7      | Found a sacrificial altar of Ru.
  6337 | D:7      | Reached ** piety under Igni Ipthes
  6340 | D:7      | Reached *** piety under Igni Ipthes
  6420 | D:8      | Reached XP level 10. HP: 66/69 MP: 1/25
  6535 | D:8      | Noticed a two-headed ogre
  6542 | D:8      | Killed a two-headed ogre
  6542 | D:8      | Reached skill level 10 in Spellcasting
  6578 | D:8      | Learned a level 5 spell: Lightning Bolt
  6770 | D:8      | Noticed Maurice
  6784 | D:8      | Killed Maurice
  7089 | D:8      | Found Etobia's Antique Weapon Boutique.
  7269 | D:8      | Found a bloodstained altar of Trog.
  7478 | D:9      | Reached skill level 11 in Spellcasting
  7908 | D:9      | Found a deep blue altar of Sif Muna.
  7915 | D:9      | Found a glowing golden altar of the Shining One.
  7958 | D:9      | Found a staircase to the Lair.
  8413 | D:9      | Found a blossoming altar of Fedhas.
  8508 | D:10     | Entered Level 10 of the Dungeon
  8508 | D:10     | Noticed TheOrbIsALie's ghost (journeyman OnAE)
  8542 | Lair:1   | Entered Level 1 of the Lair of Beasts
  8643 | Lair:1   | Reached XP level 11. HP: 37/74 MP: 2/28
  8992 | Lair:1   | Reached skill level 12 in Spellcasting
  9200 | Lair:1   | Found a stormy altar of Qazlal.
  9491 | Lair:1   | Noticed Erica
  9498 | Lair:1   | Killed Erica
  9851 | Lair:2   | Reached **** piety under Igni Ipthes
 10116 | Lair:2   | Found a staircase to the Swamp.
 10244 | Lair:2   | Found a staircase to the Snake Pit.
 10322 | Lair:2   | Noticed Prince Ribbit
 10334 | Lair:2   | Killed Prince Ribbit
 10865 | Lair:3   | Got a bloodstained cloak
 10990 | Lair:3   | Reached skill level 13 in Spellcasting
 10994 | Lair:3   | Reached XP level 12. HP: 72/81 MP: 5/31
 11394 | Lair:3   | Noticed a six-headed hydra
 11409 | Lair:3   | Killed a six-headed hydra
 11909 | Lair:3   | Found a blossoming altar of Fedhas.
 12148 | Lair:4   | Noticed an eight-headed hydra
 12290 | Lair:4   | Reached skill level 14 in Spellcasting
 12590 | Lair:4   | HP: 3/81 [eight-headed hydra (11)]
 12590 | Lair:4   | Mangled by an eight-headed hydra

Vault maps used:
D:1:      ebering_trefoil_twist
D:2:      nicolae_overflow_crystal_walls, grunt_qazlal_clouds,
          lemuel_round_altar
D:3:      first_ration, uniq_ijyb
D:4:      regret_index_temple_of_mockery, kennysheep_mini,
          gup_ossuary_entry_pyramid, serial_shops, shop_statue,
          minmay_fountain_box, minmay_misc_feat_diagonals
D:5:      minmay_temple_entry_glass, uniq_edmund, uniq_blork_the_orc
D:6:      uniq_sigmund
D:7:      lemuel_doored_altar, grunt_ogre_cave, nicolae_ru_the_path_less_chosen,
          uniq_menkaure, uniq_pikel
D:8:      trog_eyes_of_draining, serial_shops, kennysheep_mini_moat,
          minmay_crystal_water, uniq_maurice
D:9:      amethyst_overflow_temple_binary, grunt_lair_entry_orc_guard_hut,
          nrook_loot_triangle, fedhas_altar_4
D:10:     serial_shops, nicolae_shop_waterfront, basic_altar,
          doesnt_xom_only_xom, uniq_sonja, uniq_fannar
Temple:   oiseaux_autumnal_temple
Lair:1:   basic_altar, nicolae_quartered_pool_little, uniq_erica
Lair:2:   swamp_mist_pool, dummy_snake_entry, uniq_prince_ribbit2
Lair:3:   basic_altar, beast_lair_carwin_11, grunt_megastairs_4,
          serial_bayou_shore_a
Ossuary:  ossuary_tomb_2

Skill      XL: |  1  2  3  4  5  6  7  8  9 10 11 12 |
---------------+-------------------------------------+-----
Spellcasting   | 2 3 4 5 6 8 9 11 13 14 | 14.0
Dodging        | |  1.7
Stealth        | |  1.5

Action                   |  1- 3 |  4- 6 |  7- 9 | 10-12 || total
-------------------------+-------+-------+-------+-------++-------
Melee: Unarmed           |     7 |    20 |    20 |       ||    47
       Bite              |     2 |     1 |     5 |    13 ||    21
       Headbutt          |     1 |     3 |    14 |    21 ||    39
       Dire flail        |       |       |    90 |   156 ||   246
 Cast: Shock             |    48 |   126 |    76 |    10 ||   260
       Airstrike         |       |       |    62 |   123 ||   185
       Lightning Bolt    |       |       |       |    62 ||    62
 Abil: Scrap             |       |       |     1 |     1 ||     2
  Use: Potion            |       |       |     2 |       ||     2
       Scroll            |       |       |     5 |     2 ||     7
 Stab: Sleeping          |     1 |       |     1 |     1 ||     3
       Confused          |       |       |       |     1 ||     1
  Eat: Chunk             |     1 |     5 |    15 |    28 ||    49
       Ration            |       |       |     1 |     1 ||     2
Armor: Animal skin       |     1 |     2 |       |       ||     3
       Ring mail         |       |    22 |    89 |   121 ||   232
Dodge: Dodged            |    10 |    36 |    95 |   116 ||   257

Table legend:
 A = Spawn XP
 B = Non-spawn XP
 C = Spawn XP percentage of total XP
 D = Spawn monster count
 E = Non-spawn monster count
 F = Spawn count percentage of total count
 G = Total turns spent on level
                    A         B        C        D         E        F      G
               +---------+---------+-------+---------+---------+-------+---------
         Total |       0 |   27036 |   0.0 |       0 |     286 |   0.0 | 12590
               +---------+---------+-------+---------+---------+-------+---------
           D:1 |       0 |      37 |   0.0 |       0 |      18 |   0.0 |   864
           D:2 |       0 |     204 |   0.0 |       0 |      18 |   0.0 |   882
           D:3 |       0 |     147 |   0.0 |       0 |      15 |   0.0 |   655
           D:4 |       0 |     598 |   0.0 |       0 |      15 |   0.0 |  1139
           D:5 |       0 |     910 |   0.0 |       0 |      26 |   0.0 |  1081
           D:6 |       0 |     853 |   0.0 |       0 |      15 |   0.0 |   508
           D:7 |       0 |    1161 |   0.0 |       0 |      10 |   0.0 |   730
           D:8 |       0 |    3158 |   0.0 |       0 |      35 |   0.0 |  1017
           D:9 |       0 |    1613 |   0.0 |       0 |      33 |   0.0 |  1119
        Lair:1 |       0 |    5388 |   0.0 |       0 |      23 |   0.0 |  1465
        Lair:2 |       0 |    2487 |   0.0 |       0 |      14 |   0.0 |   805
        Lair:3 |       0 |    6626 |   0.0 |       0 |      20 |   0.0 |  1360
        Lair:4 |       0 |    3578 |   0.0 |       0 |      14 |   0.0 |   418
       Ossuary |       0 |     276 |   0.0 |       0 |      30 |   0.0 |   484
               +---------+---------+-------+---------+---------+-------+---------
